AoeStats
← crypto_zhupel

Arabia

505915044Analyzed
1v1 RM · 19d ago on Sep 11, 2026· 55m 28s· 2 players
Game mode
Random Map
Map size
Tiny (2 player)
Population
200
Speed
Normal
Resources
Standard
Victory
Conquest
Starting age
Dark Age
Ending age
Imperial Age
RankedLock teamsTeams togetherTeam positionsShared explorationLock speedFull tech treeHidden civsTurbo modeCheats
Victory
Defeat
🇹🇷 Mapuche · Türkiye
1355
+16
🇷🇺 Malians · Russia
1349
-16
crypto_zhupel
6:02 Loom
9:12 Feudal Age
12:25 Double-Bit Axe
19:27 Wheelbarrow
19:35 Forging
23:55 Castle Age
22:53 Gold Mining
22:47 Horse Collar
24:13 Bloodlines
24:09 Scale Barding Armor
34:47 Chain Barding Armor
36:35 Scale Mail Armor
37:12 Iron Casting
40:57 Stone Mining
41:18 Husbandry
46:07 Man-at-Arms
46:49 Light Cavalry
48:02 Scale Mail Armor
49:00 Chain Mail Armor
48:08 Long Swordsman
49:31 Hand Cart
49:55 Squires
52:34 Heavy Plow
53:51 Arson
Mtk
6:19 Loom
9:22 Feudal Age
9:31 Champi Runner
10:59 Double-Bit Axe
13:19 Horse Collar
18:11 Wheelbarrow
22:17 Castle Age
21:51 Scale Mail Armor
22:27 Champi Warrior
23:20 Forging
24:22 Chain Mail Armor
24:02 Arson
25:14 Pikeman
29:34 Bow Saw
30:27 Gold Mining
30:44 Town Watch
32:45 Stone Mining
34:15 Heavy Plow
35:53 Stone Shaft Mining
36:03 Hand Cart
38:35 Fletching
41:35 Imperial Age
39:24 Bodkin Arrow
41:44 Halberdier
43:54 Iron Casting
44:30 Town Patrol
45:10 Plate Mail Armor
45:20 Conscription
46:33 Blast Furnace
46:17 Gold Shaft Mining
46:20 Ballistics
46:11 Masonry
47:02 Chemistry
48:55 Padded Archer Armor
49:27 Architecture
49:02 Siege Engineers
49:52 Elite Bolas Rider
52:05 Leather Archer Armor
52:59 Crop Rotation
52:54 Malon
53:31 Hoardings
52:57 Murder Holes
54:13 Butalmapu
55:55 Ring Archer Armor
55:26 Elite Kona
Connection lost

Rejoining the realm…

Still unreachable

The connection could not be restored.

Session expired

The server has moved on; the page needs a fresh start.